 Dungeon Crawl Stone Soup version 0.25.1-8-g42b30a86e7 (webtiles) character file.

Game seed: 11704671273160434853

16113 hawla the Thaumaturge (level 12, -6/132 HPs)
             Began as a Purple Draconian Conjurer on Dec 8, 2020.
             Was an Elder of Vehumet.
             Mangled by Jorgrun
             ... wielding an uncursed staff of earth
              (9 damage)
             ... on level 12 of the Dungeon.
             The game lasted 00:59:01 (17333 turns).

hawla the Thaumaturge (Purple Draconian Conjurer)  Turns: 17333, Time: 00:59:01

Health: -6/132     AC: 26    Str: 10    XL:     12   Next: 7%
Magic:  1/30       EV: -1    Int: 19    God:    Vehumet [****..]
Gold:   607        SH:  0    Dex: 14    Spells: 3/39 levels left

rFire    + . .     SeeInvis .   H - +2 quarterstaff (speed)
rCold    + . .     Gourm    .   (shield currently unavailable)
rNeg     + + +     Faith    .   (armour unavailable)
rPois    +         Spirit   .   (helmet currently unavailable)
rElec    +         Reflect  .   (cloak currently unavailable)
rCorr    +         Harm     .   (gloves currently unavailable)
MR       +....     NoTele   +   (boots currently unavailable)
Stlth    +++.......             (no amulet)
HPRegen  0.32/turn              c - ring of wizardry
MPRegen  0.22/turn              I - ring of positive energy

@: mighty, tree-form, resistant, grasped by roots, very slightly contaminated,
constricted, invisible
A: (breathe power), unfitting armour, AC +8
a: Renounce Religion


You were on level 12 of the Dungeon.
You worshipped Vehumet.
Vehumet was greatly pleased with you.
You were not hungry.
You were a tree.
You visited 2 branches of the dungeon, and saw 14 of its levels.

You collected 607 gold pieces.

Inventory:

Hand Weapons
 u - a +0 quarterstaff
 A - the +6 arbalest of the Genius {penet, Str+3 Int-2 Dex+2}
   (You found it on level 6 of the Dungeon)

   Ammo fired by it will pass through the targets it hits, potentially hitting
   all targets in its path until it reaches maximum range.
   It affects your strength (+3).
   It affects your intelligence (-2).
   It affects your dexterity (+2).
 F - the +5 hunting sling of Fedhas's Regard {vorpal, +Fly}
   (You took it off an orc on level 7 of the Dungeon)

   Any stone fired from it inflicts extra damage.
   It lets you fly.
 H - a +2 quarterstaff of speed (weapon)
Missiles
 g - 22 boomerangs
 j - 2 poisoned darts (quivered)
 N - 3 silver boomerangs
 Q - 3 curare-tipped darts
Armour
 G - a +0 pair of gloves (melded)
 K - a +0 cloak (melded)
Magical Staves
 p - an uncursed staff of fire
 t - an uncursed staff of conjuration
Jewellery
 c - a ring of wizardry (left branch)
 o - an uncursed amulet of guardian spirit
 s - an uncursed ring of stealth
 D - an uncursed amulet of faith
 I - a ring of positive energy (right branch)
Wands
 a - a wand of digging (5)
 k - a wand of iceblast (8)
 r - a wand of paralysis (5)
 y - a wand of acid (3)
 O - a wand of disintegration (12)
Scrolls
 h - 2 scrolls of fear
 i - 2 scrolls of teleportation
 l - 5 scrolls of remove curse
 n - 6 scrolls of amnesia
 v - a scroll of enchant armour
 x - a scroll of fog
 B - 3 scrolls of identify
 J - a scroll of vulnerability {unknown}
 L - a scroll of silence {unknown}
 M - a scroll of magic mapping
 P - a scroll of enchant weapon {unknown}
Potions
 d - a potion of stabbing
 q - 2 potions of might
 w - a potion of flight
 C - a potion of haste
 E - a potion of resistance
Comestibles
 b - 19 rations


   Skills:
 + Level 2.7 Fighting
 + Level 1.6 Staves
 + Level 3.7 Dodging
 + Level 4.2 Stealth
 + Level 14.4 Spellcasting
 + Level 10.2 Conjurations
 + Level 1.0 Charms
 + Level 5.8 Translocations
 + Level 0.2 Transmutations
 + Level 5.3 Fire Magic
 + Level 0.1 Air Magic
 + Level 2.5 Earth Magic
 + Level 1.2 Poison Magic


You had 3 spell levels left.
You knew the following spells:

 Your Spells              Type           Power        Failure   Level  Hunger
a - Magic Dart            Conj           ####         1%          1    None
b - Searing Ray           Conj           ######       1%          2    None
c - Iskenderun's Mystic   Conj/Tloc      #####...     1%          4    None
d - Sticky Flame          Conj/Fire      #####...     1%          4    None
e - Fireball              Conj/Fire      #####.....   1%          5    ####...
f - Stone Arrow           Conj/Erth      #####.       1%          3    None
g - Mephitic Cloud        Conj/Pois/Air  ####....     1%          3    None
h - Ignite Poison         Fire/Tmut/Pois ###.....     1%          3    None
i - Iskenderun's Battles  Conj/Chrm      #####...     1%          5    ####...
j - Starburst             Conj/Fire      #####.....   3%          6    #####..

Your spell library contained the following spells:

 Spells                   Type           Power        Failure   Level  Hunger
 Foxfire                  Conj/Fire      ####         1%          1    None
 Summon Butterflies       Summ           ##......     1%          1    None
 Blink                    Tloc           N/A          1%          2    None
 Conjure Flame            Conj/Fire      #####...     1%          3    None
 Dazzling Flash           Conj/Hex       ####..       1%          3    None
 Gell's Gravitas          Tloc           #####.....   1%          3    None
 Inner Flame              Hex/Fire       ###.....     1%          3    None
 Call Imp                 Summ           ##......     2%          2    None
 Slow                     Hex            ##......     2%          2    None
 Call Canine Familiar     Summ           ##......     6%          3    None
 Confusing Touch          Hex            ##......     6%          3    None
 Fulminant Prism          Conj/Hex       ####......   1%          4    None
 Petrify                  Tmut/Erth      ###.....     11%         4    None
 Yara's Violent Unravell  Hex/Tmut       ##........   13%         5    ####...
 Summon Ice Beast         Ice/Summ       ##......     19%         4    None
 Metabolic Englaciation   Hex/Ice        ##........   45%         5    ####...
 Summon Mana Viper        Hex/Summ       ##......     45%         5    ####...
 Summon Hydra             Summ           ##........   100%        7    #######


Dungeon Overview and Level Annotations

Branches:
Dungeon (13/15)            Temple (1/1) D:4            Lair (0/6) D:9
    Orc (0/2) D:10
 Vaults: D:13-14

Altars:
Ashenzari
Cheibriados
Dithmenos
Elyvilon
Fedhas
Gozag
Hepliaklqana
Kikubaaqudgha
Makhleb
Nemelex Xobeh
Okawaru
Qazlal
Ru
Sif Muna
Trog
Uskayaw
Vehumet
Wu Jian
Xom
Yredelemnul
Zin
The Shining One

Annotations:
D:10 1 runed translucent door
D:12 Jorgrun


Innate Abilities, Weirdness & Mutations

((You can breathe bolts of dispelling energy.))
((Your rich purple scales are hard. (AC +8)))
You cannot fit into any form of body armour.
((You are cold-blooded and may be slowed by cold attacks.))


Message History

Jorgrun is knocked back by the mystic blast.
You feel protected. Jorgrun gestures at you while chanting.
You resist with some effort.
* * * LOW HITPOINT WARNING * * *
The grasping roots constrict you.
You fade into invisibility!
The grasping roots constrict you.
You are very lightly contaminated with residual magic.
You feel very mighty all of a sudden. Jorgrun gestures at you while chanting.
You resist with some effort. The grasping roots constrict you.
Your branches tingle!
H - a +2 quarterstaff of speed (weapon)
Jorgrun hits you but does no damage. Jorgrun crushes you!
* * * LOW HITPOINT WARNING * * *
x2 The grasping roots constrict you!
You feel better. Jorgrun hits you but does no damage. Jorgrun crushes you!
* * * LOW HITPOINT WARNING * * *
You die...

......# #...........# .# ......#
##.###'###### .. ##'####
#..##...# #. #..# #.#.###.## #.
##.# #........# #.## ###'####
#.....)..# ##.. .......#
#........# ####8..
.......#####...g.^..#######.....>
.......'...#....♣...##....+...)..
.......###..........#..####..#8..
.......# ###..........## #..##..
.......# #........### #......
.......# #........# #......
######## #........# #......
########## #######


You could see Jorgrun.

Vanquished Creatures
  A hydra (D:11)
  2 two-headed ogres
  An unseen horror (D:12)
  An ugly thing (D:11)
  Maurice (D:9)
  A manticore (D:11)
  A gargoyle (D:11)
  3 trolls
  Prince Ribbit (D:5)
  A slime creature (D:12)
  2 hippogriffs (D:10)
  A spriggan (D:7)
  20 yaks
  A wyvern (D:9)
  2 hungry ghosts
  A steam dragon (D:10)
  Grum (D:8)
  2 soldier ants
  Menkaure (D:4)
  Duvessa (D:7)
  3 orc warriors
  A sky beast (D:8)
  A hornet zombie (D:10)
  4 ogres
  4 ice beasts
  2 necrophages
  4 phantoms
  2 wolves (D:8)
  11 centaurs
  A crocodile (D:11)
  A big kobold (D:7)
  A wyvern zombie (D:9)
  Dowan (D:7)
  7 bullfrogs
  3 scorpions
  A water moccasin skeleton (D:11)
  10 killer bees
  4 wights (D:8)
  A howler monkey (D:9)
  4 crimson imps
  3 bullfrog zombies
  7 orc priests
  4 hounds
  A jelly (D:12)
  8 orc wizards
  9 centaur skeletons
  A gnoll shaman (D:8)
  2 bullfrog skeletons
  Ijyb (D:4)
  Terence (D:3)
  An iguana (D:11)
  A worker ant (D:10)
  7 ogre zombies (D:10)
  2 hound zombies (D:4)
  2 worker ant zombies
  A hound skeleton (D:4)
  7 adders
  14 gnolls
  5 shadow imps
  2 oozes (D:2)
  5 adder skeletons
  An adder zombie (D:6)
  2 worms
  3 dart slugs
  5 leopard geckos
  33 orcs
  A ball python (D:1)
  6 giant cockroaches
  15 goblins
  9 hobgoblins
  6 jackals
  8 quokkas
  8 bats
  11 frilled lizards
  A giant cockroach zombie (D:4)
  A goblin skeleton (D:10)
  2 hobgoblin skeletons (D:10)
  5 hobgoblin zombies (D:10)
  A jackal skeleton (D:4)
  9 kobolds
  A leopard gecko zombie (D:7)
  2 orc skeletons (D:10)
  15 orc zombies (D:10)
  2 quokka zombies (D:4)
  9 rats
351 creatures vanquished.

Notes
Turn   | Place    | Note
-------+----------+-------------------------------------------
     0 | D:1      | hawla the Draconian Conjurer began the quest for the Orb.
     0 | D:1      | Reached XP level 1. HP: 14/14 MP: 3/3
   183 | D:1      | Reached XP level 2. HP: 20/20 MP: 0/5
   268 | D:1      | Learned a level 2 spell: Searing Ray
   882 | D:1      | Reached XP level 3. HP: 26/26 MP: 5/7
  1193 | D:1      | Reached skill level 3 in Spellcasting
  1989 | D:2      | Reached XP level 4. HP: 33/33 MP: 6/8
  1995 | D:2      | Learned a level 4 spell: Iskenderun's Mystic Blast
  2248 | D:2      | Reached skill level 1 in Translocations
  2842 | D:3      | Reached XP level 5. HP: 38/38 MP: 5/10
  3220 | D:3      | Noticed Terence
  3230 | D:3      | Killed Terence
  4240 | D:4      | Noticed Menkaure
  4249 | D:4      | Killed Menkaure
  4249 | D:4      | Reached skill level 4 in Spellcasting
  4249 | D:4      | Reached XP level 6. HP: 24/45 MP: 3/12
  4391 | D:4      | Noticed Ijyb
  4425 | D:4      | Killed Ijyb
  4782 | D:4      | Found a basalt altar of Yredelemnul.
  4873 | D:4      | Reached skill level 5 in Conjurations
  4873 | D:4      | Your scales start taking on a rich purple colour.
  4873 | D:4      | Reached skill level 5 in Spellcasting
  4873 | D:4      | Reached XP level 7. HP: 31/50 MP: 1/15
  5200 | D:4      | Found a white marble altar of Elyvilon.
  5217 | D:4      | Found a glowing golden altar of the Shining One.
  5227 | D:4      | Reached skill level 6 in Spellcasting
  5325 | D:4      | Found a staircase to the Ecumenical Temple.
  5334 | Temple   | Entered the Ecumenical Temple
  5504 | Temple   | Became a worshipper of Vehumet
  6231 | D:5      | Entered Level 5 of the Dungeon
  6401 | D:5      | Reached skill level 7 in Spellcasting
  6547 | D:5      | Noticed Prince Ribbit
  6555 | D:5      | Killed Prince Ribbit
  6555 | D:5      | Reached skill level 1 in Fighting
  6555 | D:5      | Reached XP level 8. HP: 59/59 MP: 10/19
  6820 | D:5      | Found a blossoming altar of Fedhas.
  6924 | D:6      | Reached * piety under Vehumet
  6924 | D:6      | Offered knowledge of Shock by Vehumet.
  7156 | D:6      | Reached skill level 8 in Spellcasting
  8463 | D:6      | Got a bone arbalest
  8464 | D:6      | Identified the +6 arbalest of the Genius {penet, Str+3
                  | Int-2 Dex+2} (You found it on level 6 of the Dungeon)
  8522 | D:7      | Reached skill level 5 in Translocations
  8536 | D:7      | Learned a level 4 spell: Sticky Flame
  8542 | D:7      | Learned a level 5 spell: Fireball
  8742 | D:7      | Found a shadowy altar of Dithmenos.
  8804 | D:7      | Reached skill level 1 in Fire Magic
  8861 | D:7      | Found an ornate altar of the Wu Jian Council.
  9105 | D:7      | Reached XP level 9. HP: 64/64 MP: 11/21
  9270 | D:7      | Reached skill level 9 in Spellcasting
  9271 | D:7      | Noticed Duvessa
  9275 | D:7      | Noticed Dowan
  9293 | D:7      | Killed Duvessa
  9302 | D:7      | Killed Dowan
  9302 | D:7      | Offered knowledge of Sandblast by Vehumet.
  9490 | D:7      | Reached ** piety under Vehumet
  9632 | D:7      | Identified the +5 hunting sling of Fedhas's Regard {vorpal,
                  | +Fly}
  9737 | D:7      | Found a hide-covered altar of Uskayaw.
  9968 | D:8      | Noticed Grum
  9979 | D:8      | Killed Grum
 10509 | D:8      | You fall into a shaft and drop 1 floor!
 10532 | D:9      | Offered knowledge of Stone Arrow by Vehumet.
 10548 | D:9      | Noticed a troll
 10552 | D:9      | Noticed Maurice
 10568 | D:9      | Killed Maurice
 10568 | D:9      | Reached skill level 10 in Spellcasting
 10568 | D:9      | Reached skill level 5 in Fire Magic
 10568 | D:9      | Reached XP level 10. HP: 59/73 MP: 8/24
 10836 | D:9      | Found a staircase to the Lair.
 10853 | D:9      | Learned a level 3 spell: Stone Arrow
 11127 | D:9      | Reached *** piety under Vehumet
 11365 | D:9      | Noticed a two-headed ogre
 11373 | D:9      | Killed a two-headed ogre
 11814 | D:8      | Offered knowledge of Ignite Poison by Vehumet.
 11814 | D:8      | Reached skill level 1 in Earth Magic
 11943 | D:8      | Learned a level 3 spell: Mephitic Cloud
 11947 | D:8      | Learned a level 3 spell: Ignite Poison
 12146 | D:10     | Entered Level 10 of the Dungeon
 12146 | D:10     | Found a runed translucent door.
 12146 | D:10     | Noticed a sixfirhy
 12281 | D:10     | Noticed a two-headed ogre
 12289 | D:10     | Killed a two-headed ogre
 12289 | D:10     | Reached skill level 11 in Spellcasting
 12395 | D:10     | You fall into a shaft and drop 3 floors!
 12411 | D:12     | Killed an unseen horror
 12744 | D:12     | Reached skill level 1 in Staves
 12745 | D:12     | Reached XP level 11. HP: 63/81 MP: 2/26
 13036 | D:12     | Found a stormy altar of Qazlal.
 13391 | D:10     | Reached **** piety under Vehumet
 13391 | D:10     | Reached skill level 12 in Spellcasting
 13752 | D:10     | Offered knowledge of Iskenderun's Battlesphere by Vehumet.
 13806 | D:10     | Learned a level 5 spell: Iskenderun's Battlesphere
 13903 | D:10     | Found a staircase to the Orcish Mines.
 13996 | D:10     | Reached skill level 10 in Conjurations
 14542 | D:10     | Reached ***** piety under Vehumet
 14542 | D:10     | Offered knowledge of Starburst by Vehumet.
 15266 | D:11     | Reached skill level 13 in Spellcasting
 15290 | D:11     | Learned a level 6 spell: Starburst
 15529 | D:11     | Noticed a five-headed hydra
 15536 | D:11     | Killed a five-headed hydra
 15705 | D:11     | Noticed a white ugly thing
 15718 | D:11     | Killed a white ugly thing
 15970 | D:11     | Reached skill level 14 in Spellcasting
 17054 | D:12     | Reached XP level 12. HP: 87/88 MP: 15/30
 17055 | D:12     | Reached skill level 1 in Charms
 17167 | D:12     | Reached skill level 1 in Poison Magic
 17171 | D:12     | Noticed Jorgrun
 17333 | D:12     | HP: 3/132 [Jorgrun/uncursed staff of earth (11)]
 17333 | D:12     | Mangled by Jorgrun

Illustrated notes

Levels and vault maps discovered:
D:1:      kennysheep_arrival_seaside, layout_basic
D:2:      layout_basic, first_ration
D:3:      layout_basic, uniq_terence
D:4:      layout_basic, lemuel_crystal_altar, kennysheep_ying_yang,
          temple_statues, serial_undead, serial_undead_a, serial_undead_f,
          serial_undead_c, serial_undead_a, uniq_ijyb, uniq_menkaure
D:5:      layout_basic, lemuel_crystal_altar, uniq_prince_ribbit1
D:6:      layout_layer_cave
D:7:      layout_rooms, grunt_dithmenos_shadows, marbit_many_paths,
          eat_drink_and_be_merry_uskayaw, the_bakery, uniq_duvessa
D:8:      layout_gridville, serial_rivers, chequers_serial_rivers_room_b,
          chequers_serial_rivers_micro_c, chequers_serial_rivers_small_a,
          chequers_serial_rivers_micro_a, chequers_serial_rivers_micro_a,
          chequers_serial_rivers_marsh, chequers_serial_rivers_small_a,
          uniq_grum
D:9:      layout_rooms, lair_entry_dummy, uniq_maurice
D:10:     cheibrodos_shockbox, layout_rooms, zombieorc2_lemuel,
          kennysheep_path_1, nrook_mini_vaults
D:11:     layout_roguey
D:12:     layout_roguey, basic_altar, st_stairs_6, uniq_jorgrun
D:13:     layout_roguey, serial_shops, nicolae_shop_crystal, uniq_kirke
Temple:   regret_index_temple_waves

Skill      XL: |  1  2  3  4  5  6  7  8  9 10 11 12 |
---------------+-------------------------------------+-----
Spellcasting   | 3 4 5 7 8 10 11 14 | 14.4
Translocations | 2 4 5 |  5.8
Conjurations   | 5 7 8 9 10 | 10.2
Stealth        | 2 3 4 |  4.2
Dodging        | 2 3 |  3.7
Fighting       | 1 2 |  2.7
Fire Magic     | 2 5 |  5.3
Earth Magic    | 2 |  2.5
Staves         | 1 |  1.6
Charms         | 1 |  1.0
Poison Magic   | 1 |  1.2
Transmutations | |  0.2
Air Magic      | |  0.1

Action                   |  1- 3 |  4- 6 |  7- 9 | 10-12 || total
-------------------------+-------+-------+-------+-------++-------
Melee: Unarmed           |    20 |    21 |       |       ||    41
       Tailslap          |     3 |     4 |     4 |    10 ||    21
       Staff             |       |     9 |    12 |    41 ||    62
 Cast: Magic Dart        |    50 |    68 |    99 |    98 ||   315
       Searing Ray       |    15 |    36 |    67 |    52 ||   170
       Iskenderun's Myst |       |     2 |     9 |    48 ||    59
       Sticky Flame      |       |       |     9 |    11 ||    20
       Fireball          |       |       |    14 |    21 ||    35
       Stone Arrow       |       |       |       |    66 ||    66
       Mephitic Cloud    |       |       |       |    13 ||    13
       Ignite Poison     |       |       |       |     9 ||     9
       Iskenderun's Batt |       |       |       |     4 ||     4
       Starburst         |       |       |       |     2 ||     2
 Abil: Breathe Dispellin |       |       |     1 |       ||     1
Evoke: Wand              |       |       |       |     3 ||     3
  Use: Scroll            |     3 |     5 |     9 |     9 ||    26
       Potion            |       |     3 |     3 |     9 ||    15
 Stab: Sleeping          |       |       |     1 |       ||     1
  Eat: Chunk             |     4 |    11 |    13 |    17 ||    45
       Ration            |       |       |     3 |     3 ||     6
Armor: Skin              |     5 |    14 |    23 |    53 ||    95
Dodge: Dodged            |    17 |    42 |    67 |    92 ||   218
